 Dungeon Crawl Stone Soup version 0.25.0-1-g7eea58d (webtiles) character file.

Game seed: 14838738108592416575

188 AmonKazuya the Slasher (level 5, 0/41 HPs)
             Began as a Demonspawn Monk on June 27, 2020.
             Slain by a gnoll
             ... wielding a +0 spear
              (9 damage)
             ... on level 3 of the Dungeon.
             The game lasted 00:12:01 (2916 turns).

AmonKazuya the Slasher (Demonspawn Monk)            Turns: 2916, Time: 00:12:03

Health: 0/41       AC:  8    Str: 12    XL:     5   Next: 39%
Magic:  5/5        EV:  3    Int: 11    God:
Gold:   153        SH:  0    Dex: 16    Spells: 4/4 levels left

rFire    . . .     SeeInvis .   a - +0 falchion
rCold    . . .     Gourm    .   d - +1 buckler
rNeg     . . .     Faith    .   k - +0 chain mail
rPois    .         Spirit   .   (no helmet)
rElec    .         Reflect  .   (no cloak)
rCorr    .         Harm     .   (no gloves)
MR       .....                  (no boots)
Stlth    +.........             (no amulet)
HPRegen  0.13/turn              f - ring of wizardry
MPRegen  0.09/turn              h - ring of stealth

@: held, slowed, very slow
A: talons 2, nightstalker 1
a: no special abilities


You were on level 3 of the Dungeon.
You were not hungry.

You visited 1 branch of the dungeon, and saw 3 of its levels.

You collected 153 gold pieces.

Inventory:

Hand Weapons
 a - a +0 falchion (weapon)
Armour
 b - a +0 robe
 d - a +1 buckler (worn)
 k - a +0 chain mail (worn)
Jewellery
 f - a ring of wizardry (left hand)
 h - a ring of stealth (right hand)
Wands
 e - a wand of paralysis (12)
 l - a wand of flame (13)
Scrolls
 g - 2 scrolls of enchant armour
 i - a scroll of identify
 j - a scroll of teleportation
 n - a scroll of magic mapping {unknown}
Comestibles
 c - 8 rations
 m - 3 chunks of flesh


   Skills:
 + Level 3.6 Fighting
 + Level 4.0 Long Blades
 * Level 1.8 Armour
 + Level 3.1 Dodging
 + Level 2.4 Stealth
 + Level 0.4 Shields


You had 4 spell levels left.
You didn't know any spells.
Your spell library was empty.

Dungeon Overview and Level Annotations

Branches:
Dungeon (3/15)

Altars:
Dithmenos
Fedhas
Nemelex Xobeh


Innate Abilities, Weirdness & Mutations

You have razor-sharp toenails.
You are slightly more attuned to the shadows.


Message History

You kill the orc!
The gnoll hits you.
The gnoll hits you from afar with a +0 halberd!
An orc comes into view.
The gnoll hits you from afar with a +0 spear.
The gnoll completely misses you.
You struggle against the net.
The gnoll hits you. The gnoll barely misses you.
The gnoll hits you but does no damage. x2
You struggle against the net.
The orc shouts!
The gnoll hits you but does no damage. x2
The gnoll hits you from afar with a +0 spear.
You aren't carrying any potions.
You struggle against the net.
The gnoll hits you.
* * * LOW HITPOINT WARNING * * *
The orc priest looks encouraged for a moment.
The orc wizard casts a spell at you.
You feel yourself slow down.
The gnoll hits you but does no damage. x2
The gnoll hits you from afar with a +0 spear!
You die...

#...<.#.........
#...............
#.....####............
#.....####..........).
#..........# #.......
............# #..oo...
######....).# #.go....
#.......####..go...
#........[.'@g.....
#......#####..g....
#......# #.......
#......# #.......
#......# #......#
#......# #.####.# #.#
?.


You could see an orc priest, an orc wizard, 4 gnolls and 2 orcs.

Vanquished Creatures
  2 orc wizards (D:3)
  3 adders (D:2)
  2 oozes (D:1)
  2 worms
  2 dart slugs
  2 leopard geckos (D:1)
  11 orcs
  4 giant cockroaches
  5 hobgoblins
  6 jackals (D:1)
  11 kobolds
  A ball python (D:1)
  8 bats
  2 frilled lizards
  4 goblins
  6 rats
71 creatures vanquished.

Vanquished Creatures (others)
  An orc wizard (D:3)
1 creature vanquished.

Grand Total: 72 creatures vanquished

Notes
Turn   | Place    | Note
-------+----------+-------------------------------------------
     0 | D:1      | AmonKazuya the Demonspawn Monk began the quest for the Orb.
     0 | D:1      | Reached XP level 1. HP: 18/18 MP: 1/1
   272 | D:1      | Gained mutation: You are slightly more attuned to the
                  | shadows. [demonic ancestry]
   272 | D:1      | Reached XP level 2. HP: 24/24 MP: 2/2
   328 | D:1      | Reached skill level 3 in Long Blades
   636 | D:1      | Reached XP level 3. HP: 29/29 MP: 3/3
  1449 | D:2      | Found a sparkling altar of Nemelex Xobeh.
  1547 | D:2      | Found a faded altar of an unknown god.
  1558 | D:2      | Found a shadowy altar of Dithmenos.
  1764 | D:2      | Gained mutation: You have sharp toenails. [demonic
                  | ancestry]
  1764 | D:2      | Reached XP level 4. HP: 16/35 MP: 4/4
  2439 | D:3      | Reached skill level 1 in Armour
  2455 | D:3      | Gained mutation: You have razor-sharp toenails. [demonic
                  | ancestry]
  2455 | D:3      | Reached XP level 5. HP: 19/41 MP: 5/5
  2562 | D:3      | Reached skill level 4 in Long Blades
  2799 | D:3      | Found a blossoming altar of Fedhas.
  2916 | D:3      | Slain by a gnoll

Illustrated notes

Levels and vault maps discovered:
D:1:      minmay_arrival_loop, layout_loops_corners
D:2:      layout_rooms, grunt_dithmenos_smoke_and_mirrors, nemelex_altar_shiori,
          chequers_ecumenical_altar_simple_redux
D:3:      layout_basic, fedhas_altar_fruit_tree, first_ration

Skill      XL: |  1  2  3  4  5 |
---------------+----------------+-----
Long Blades    | 3 4 |  4.0
Stealth        | 2 |  2.4
Dodging        | 3 |  3.1
Armour         | 1 |  1.8
Fighting       | |  3.6
Shields        | |  0.4

Action                   |  1- 3 |  4- 6 || total
-------------------------+-------+-------++-------
Melee: Falchion          |   126 |   123 ||   249
       Kick              |       |    35 ||    35
Evoke: Wand              |       |     4 ||     4
  Use: Scroll            |     5 |     1 ||     6
       Potion            |     4 |     2 ||     6
 Stab: Sleeping          |     8 |       ||     8
  Eat: Chunk             |     2 |     5 ||     7
Armor: Robe              |    18 |       ||    18
       Chain mail        |    11 |   109 ||   120
Dodge: Dodged            |    72 |    38 ||   110
Block: Buckler           |    17 |    33 ||    50
       Rpst.: Falchion   |    24 |    13 ||    37
